 Dungeon Crawl Stone Soup version 0.29-a0-330-g52719c12eb (webtiles) character file.

Game seed: 15555761792915473181

18417 spaghetti the Fencer (level 12, -37/121 HPs)
             Began as a Demonspawn Berserker on Apr 13, 2022.
             Was a Priest of Trog.
             Annihilated by an enormous slime creature (60 damage)
             ... on level 13 of the Dungeon.
             The game lasted 00:22:53 (13983 turns).

spaghetti the Fencer (Demonspawn Berserker)        Turns: 13983, Time: 00:22:54

Health: -37/121    AC:  9    Str: 19    XL:     12   Next: 27%
Magic:  12/12      EV: 20    Int:  8    God:    Trog [***...]
Gold:   592        SH:  4    Dex: 23    Spells: 11/11 levels left

rFire   . . .      SeeInvis .   M - +2 great sword (freeze) {long}
rCold   . . .      Faith    .   (shield currently unavailable)
rNeg    . . .      Spirit   .   p - +0 acid dragon scales
rPois   +          Reflect  .   J - +0 helmet
rElec   .          Harm     .   D - +0 cloak
rCorr   +          Rampage  .   (gloves unavailable)
Will    .....                   n - +0 pair of boots
Stlth   ..........              s - amulet of regeneration {@e2}
HPRegen 1.10/turn               K - ring of poison resistance
MPRegen 0.13/turn               k - +6 ring of dexterity

@: berserking, very quick
A: large bone plates 1, demonic touch 3
a: Renounce Religion, Berserk, Trog's Hand


You were on level 13 of the Dungeon.
You worshipped Trog.
Trog was most pleased with you.
You visited 2 branches of the dungeon, and saw 14 of its levels.

You collected 697 gold pieces.
You spent 105 gold pieces at shops.


Innate Abilities, Weirdness & Mutations

You are partially covered in large bone plates. (SH +4)
Your touch may irresistibly damage your foes and sap their willpower.


   Skills:
 - Level 3.0 Fighting
 + Level 15.1 Long Blades
 - Level 1.7 Armour
 - Level 11.4 Dodging


You had 11 spell levels left.
You didn't know any spells.
Your spell library contained the following spells:

 Spells                   Type           Power      Damage    Failure   Level
 Pain                     Necr           0%         1d4       50%         1
 Shock                    Conj/Air       0%         1d3       50%         1
 Slow                     Hex            0%         N/A       50%         1
 Sting                    Tmut/Pois      0%         1d3       50%         1
 Confusing Touch          Hex            0%         N/A       86%         3
 Gell's Gravitas          Tloc           0%         N/A       86%         3
 Stone Arrow              Conj/Erth      0%         3d7       86%         3
 Swiftness                Air            0%         N/A       86%         3
 Teleport Other           Tloc           0%         N/A       86%         3
 Vampiric Draining        Necr           0%         2d6       86%         3
 Airstrike                Air            0%         N/A       99%         4
 Animate Armour           Summ/Erth      0%         N/A       99%         4
 Petrify                  Tmut/Erth      0%         N/A       99%         4
 Agony                    Necr           0%         N/A       100%        5
 Excruciating Wounds      Necr           0%         N/A       100%        5
 Metabolic Englaciation   Hex/Ice        0%         N/A       100%        5
 Dispersal                Tloc           0%         N/A       100%        6
 Statue Form              Tmut/Erth      0%         N/A       100%        6
 Lehudib's Crystal Spear  Conj/Erth      0%         10d2      100%        8

Inventory:

Hand Weapons
 M - a +2 great sword of freezing (weapon) {long}
   (You took it off a wight on level 6 of the Dungeon)
Missiles
 a - 7 boomerangs {throwing}
 f - 321 stones (quivered) {throwing}
 t - 11 atropa-tipped darts {throwing}
 O - 20 poisoned darts {throwing}
 U - a curare-tipped dart {=fthrowing}
Armour
 n - a +0 pair of boots (worn)
   (You found it on level 2 of the Dungeon)
 p - +0 acid dragon scales (worn)
   (You found it on level 9 of the Dungeon)
 D - a +0 cloak (worn)
   (You found it on level 4 of the Dungeon)
 J - a +0 helmet (worn)
   (You found it on level 12 of the Dungeon)
Magical Staves
 z - a staff of fire {forbidden!astaff}
   (You found it on level 4 of the Dungeon)
Jewellery
 e - a ring of ice
   (You found it on level 10 of the Dungeon)
 g - a ring of protection from cold
   (You found it on level 10 of the Dungeon)
 k - a +6 ring of dexterity (right hand)
   (You took it off an orc wizard on level 9 of the Dungeon)
 l - an amulet of magic regeneration {@e2}
   (You found it on level 7 of the Dungeon)
 s - an amulet of regeneration (around neck) {@e2}
   (You found it on level 3 of the Dungeon)
 H - a +6 ring of intelligence
   (You found it on level 6 of the Dungeon)
 K - a ring of poison resistance (left hand)
   (You found it on level 6 of the Dungeon)
 S - a ring of positive energy
   (You found it on level 8 of the Dungeon)
Wands
 u - a wand of polymorph (9)
   (You took it off Terence on level 3 of the Dungeon)
 C - a wand of acid (15)
   (You found it on level 4 of the Dungeon)
 G - a wand of flame (49)
   (You found it on level 5 of the Dungeon)
 R - a wand of paralysis (14)
   (You found it on level 8 of the Dungeon)
 T - a wand of digging (3)
   (You found it on level 9 of the Dungeon)
Scrolls
 b - a scroll of identify {@r1}
 d - 2 scrolls of brand weapon
 h - a scroll of vulnerability {!r!r}
 j - 3 scrolls of noise {!r}
 o - 2 scrolls of enchant armour
 w - 3 scrolls of blinking {!r}
 x - 2 scrolls of holy word {!r}
 y - 3 scrolls of fog
 B - a scroll of immolation {!r!r}
 I - a scroll of magic mapping {!r}
 N - 2 scrolls of teleportation {@r4}
 P - a scroll of amnesia
 Q - a scroll of enchant weapon
Potions
 c - a potion of invisibility
 i - a potion of brilliance
 m - 4 potions of curing {@q1}
 q - a potion of attraction {!q}
 r - 2 potions of lignification {!q}
 v - 3 potions of degeneration {!q@e2}
 A - 4 potions of heal wounds {unknown}
 E - 3 potions of mutation {unknown}
 F - a potion of haste {unknown}
 L - a potion of magic {unknown}

Dungeon Overview and Level Annotations

Branches:
Dungeon (13/15)            Temple (0/1) D:4            Lair (1/6) D:9
    Orc (0/2) D:10
 Vaults: D:13-14

Altars:
Elyvilon
Nemelex Xobeh
Sif Muna
Uskayaw
The Shining One
Beogh

Shops:
D:12 ?

Annotations:
D:11 2 transporters, croobank's ghost, journeyman HOFi

###########
#.)@J......
##z#########
#.<......z
+.........
#........z
#.........
#.........
#.........
#.........


You could see a skeletal warrior and an enormous slime creature.


Message History

No target in view!
No target in view!
No target in view!
No target in view!
No target in view!
Unknown command.
You see here 4 large rocks {=fthrowing}.
You see here a +0 ring mail.
Key pressed, stopping explore.
Key pressed, stopping explore.
Key pressed, stopping explore.
There is an open door here.
There is an open door here.
There is a stone staircase leading up here.
There is an open door here.
There is an open door here.
Done exploring.
Done exploring.
Done exploring.
Done exploring.
(D) Dungeon (T) Temple (L) Lair (O) Orcish Mines
Where to? (Enter - D:11, ? - help)
You open the door.
There is an open door here.
There is a stone staircase leading down here.
You climb downwards.
You hear a distant snort.
Hark!
There is a gateway to a gauntlet on this level.
Find the entrance quickly before the gate is sealed!
Found a stone staircase leading down.
There is a stone staircase leading up here.
Unknown command.
As you open the door, it creaks loudly!
A slime creature comes into view.
A skeletal warrior comes into view. It is wielding a +0 war axe.
A skeletal warrior comes into view. It is wielding a +0 broad axe.
There is an open door here.
There are monsters nearby!
There are monsters nearby!
A slime creature comes into view.
A slime creature comes into view. x2
The slime creature quivers. x2
You slash the slime creature! You freeze the slime creature.
The slime creature hits you. 😕 HP[-1]
You take 1 damage, and now have 80/81 hp.
You slice the slime creature!! You freeze the slime creature.
A slime creature comes into view.
The slime creature hits you but does no damage. 😎 HP[+1]
Your hp is fully restored (81).
You slice the slime creature!! You freeze the slime creature.
You kill the slime creature!
Trog accepts your kill.
Two slime creatures merge to form a large slime creature.
You slash the slime creature! You freeze the slime creature.
You slice the slime creature!! You freeze the slime creature!
The slime creature hits you! 😕 HP[-17]
You take 17 damage, and now have 64/81 hp.
MASSIVE DAMAGE!! (PAUSE)
You barely miss the slime creature. The slime creature hits you! 😮 HP[-12]
You take 12 damage, and now have 52/81 hp.
You barely miss the slime creature.
Two slime creatures merge to form a very large slime creature. 😮 HP[+1]
A red film seems to cover your vision as you go berserk!
You feel yourself moving faster!
You feel mighty!
The skeletal warrior hits you with a +0 broad axe! 😮 HP[+18]
You now have 121 max hp (+40).
You regained 18 hp, and now have 71/121 hp.
You hit the skeletal warrior. The very large slime creature hits you!
Two slime creatures merge to form an enormous slime creature.
You block the skeletal warrior's attack. 😮 HP[-6]
You take 6 damage, and now have 65/121 hp.
You slice the skeletal warrior!!
You freeze the skeletal warrior. 😮 HP[+1]
You slash the skeletal warrior! You freeze the skeletal warrior.
The skeletal warrior hits you with a +0 broad axe!!
* * * LOW HITPOINT WARNING * * *
😨 HP[-22]
You take 22 damage, and now have 44/121 hp.
Unknown command.
You slice the skeletal warrior!! You freeze the skeletal warrior.
The skeletal warrior hits you with a +0 broad axe!!
* * * LOW HITPOINT WARNING * * *
The enormous slime creature hits you.
* * * LOW HITPOINT WARNING * * *
😱 HP[-23]
You take 23 damage, and now have 21/121 hp.
You hit the skeletal warrior. 😱 HP[+1] Unknown command.
You slash the skeletal warrior!
You destroy the skeletal warrior!
Trog accepts your kill. The enormous slime creature hits you!!!
You die...

Skill      XL: |  1  2  3  4  5  6  7  8  9 10 11 12 |
---------------+-------------------------------------+-----
Dodging        | 2 3 4 6 7 8 11 | 11.4
Long Blades    | 7 11 14 15 | 15.1
Fighting       | |  3.0
Armour         | |  1.7

Action                   |  1- 3 |  4- 6 |  7- 9 | 10-12 || total
-------------------------+-------+-------+-------+-------++-------
Melee: Falchion          |    65 |   140 |   164 |       ||   369
       Touch             |     2 |    23 |    27 |       ||    52
       Punch             |     1 |     2 |       |       ||     3
       Unarmed           |       |     4 |       |       ||     4
       Great sword       |       |       |   100 |   383 ||   483
Throw: Stone             |    48 |    59 |    22 |    24 ||   153
Invok: Berserk           |     2 |     5 |    20 |    23 ||    50
       Trog's Hand       |       |       |     1 |     1 ||     2
  Use: Potion            |       |     4 |       |       ||     4
       Scroll            |       |       |    12 |     9 ||    21
 Stab: Sleeping          |       |     2 |     1 |       ||     3
       Invisible         |       |     1 |       |       ||     1
Armor: Animal skin       |    15 |    31 |    48 |     7 ||   101
       Acid dragon scale |       |       |       |    85 ||    85
Dodge: Dodged            |    38 |   117 |   247 |   521 ||   923
Block: Other             |       |       |       |    67 ||    67

Levels and vault maps discovered:
D:1:      lightli_arrival_quake, layout_rooms
D:2:      layout_loops_corners, shapermc_ecumenical_altar_rom_forum,
          basic_altar, nicolae_grassy_gnolls, uniq_crazy_yiuf_cottage
D:3:      layout_loops_ring, minmay_misc_feat_square, uniq_terence
D:4:      layout_basic, elyvilon_altar_1, mainiacjoe_overflow_paths,
          minmay_temple_entry_grid, uniq_eustachio
D:5:      minmay_clustersquares, layout_loops_ring, portal_sewer_entry_a
D:6:      layout_basic, nemelex_dance_club_becter, columned_hall_lemuel,
          uniq_blork_the_orc, uniq_pikel
D:7:      layout_rooms, uniq_duvessa
D:8:      minmay_bubble_buster, layout_layer_cave, kennysheep_crisscross,
          minmay_misc_feat_pillars
D:9:      layout_basic, lair_entry_dummy, serial_park_tiny_1,
          minmay_fractal_squares_gapless_5
D:10:     layout_loops_ring, nicolae_tso_carved_into_rock, david_orc_5,
          nzn_sisyphean_effort
D:11:     layout_irregular_city, gammafunk_ghost_hive
D:12:     layout_loops_corners, serial_shops, kennysheep_mini_moat
D:13:     layout_roguey, gammafunk_ghost_ooze, gauntlet_entry_generic
Lair:1:   layout_layer_cave, minivault_26, st_stairs_11, patterned_corridor

Notes
Turn   | Place    | Note
-------+----------+-------------------------------------------
     0 | D:1      | spaghetti the Demonspawn Berserker began the quest for the
                  | Orb.
     0 | D:1      | Reached XP level 1. HP: 18/18 MP: 1/1
     0 | D:1      | magus.rc [v1.9.6]
   143 | D:1      | Reached skill level 2 in Dodging
   390 | D:1      | Gained mutation: Your touch may inflict minor irresistible
                  | damage on your foes. [demonic ancestry]
   390 | D:1      | Reached XP level 2. HP: 23/24 MP: 2/2
   922 | D:2      | Found a faded altar of an unknown god.
   931 | D:2      | Got Plato's Incunabulum of Transmigration {forbidden@e2}
  1024 | D:2      | Reached skill level 3 in Dodging
  1101 | D:2      | Reached XP level 3. HP: 24/29 MP: 3/3
  1496 | D:2      | HP: 10/43 [gnoll/+0 spear (7)]
  1498 | D:2      | HP: 2/43 [gnoll/+0 spear (8)]
  1501 | D:2      | Reached skill level 4 in Dodging
  1501 | D:2      | Reached XP level 4. HP: 3/35 MP: 4/4
  1810 | D:2      | Found a hide-covered altar of Uskayaw.
  2010 | D:2      | Found a runed translucent door.
  2011 | D:2      | Noticed Crazy Yiuf
  2116 | D:2      | Reached ** piety under Trog
  2555 | D:2      | Killed Crazy Yiuf
  2862 | D:3      | Reached XP level 5. HP: 41/41 MP: 5/5
  3103 | D:3      | You add the spells Gell's Gravitas, Teleport Other and
                  | Dispersal to your library.
  3141 | D:3      | Noticed Terence
  3153 | D:3      | Killed Terence
  3154 | D:3      | Reached skill level 5 in Dodging
  3714 | D:4      | Found a staircase to the Ecumenical Temple.
  3714 | D:4      | Noticed Eustachio
  3737 | D:4      | Killed Eustachio
  3738 | D:4      | Reached skill level 6 in Dodging
  3738 | D:4      | Reached XP level 6. HP: 31/47 MP: 6/6
  3974 | D:4      | You pick up a book of Debilitation {forbidden} and begin
                  | reading...
  3974 | D:4      | You add the spells Slow, Vampiric Draining and Confusing
                  | Touch to your library.
  4004 | D:4      | Found a shimmering blue altar of Sif Muna.
  4072 | D:4      | You pick up a book of Pain {forbidden} and begin reading...
  4072 | D:4      | You add the spells Pain, Agony and Excruciating Wounds to
                  | your library.
  4319 | D:5      | Entered Level 5 of the Dungeon
  4561 | D:5      | Noticed an ice beast
  4569 | D:5      | Killed an ice beast
  4570 | D:5      | Reached skill level 7 in Dodging
  4570 | D:5      | Gained mutation: Your touch may inflict irresistible damage
                  | on your foes. [demonic ancestry]
  4570 | D:5      | Reached XP level 7. HP: 39/52 MP: 7/7
  4837 | D:5      | Noticed a yak
  4886 | D:5      | Reached skill level 8 in Dodging
  4898 | D:5      | Reached XP level 8. HP: 54/58 MP: 8/8
  4986 | D:5      | Reached skill level 9 in Dodging
  5036 | D:5      | You pick up a book of Sloth {forbidden} and begin
                  | reading...
  5036 | D:5      | You add the spells Petrify, Metabolic Englaciation and
                  | Statue Form to your library.
  5155 | D:5      | You pick up a book of Air {forbidden} and begin reading...
  5155 | D:5      | You add the spells Shock, Swiftness and Airstrike to your
                  | library.
  5555 | D:6      | Noticed Blork the orc
  5562 | D:6      | Reached skill level 10 in Dodging
  5564 | D:6      | Killed Blork the orc
  5724 | D:6      | Found a sparkling altar of Nemelex Xobeh.
  5884 | D:6      | Noticed Pikel
  5898 | D:6      | Killed Pikel
  5899 | D:6      | Reached skill level 11 in Dodging
  5899 | D:6      | Gained mutation: Your touch may irresistibly damage your
                  | foes and sap their willpower. [demonic ancestry]
  5899 | D:6      | Reached XP level 9. HP: 48/63 MP: 9/9
  6787 | D:7      | Reached skill level 3 in Long Blades
  7072 | D:7      | Reached skill level 4 in Long Blades
  7354 | D:7      | Reached skill level 5 in Long Blades
  7470 | D:7      | Noticed Duvessa
  7470 | D:7      | Noticed Dowan
  7480 | D:7      | Killed Duvessa
  7481 | D:7      | Killed Dowan
  7629 | D:7      | Reached skill level 6 in Long Blades
  8093 | D:8      | Reached skill level 7 in Long Blades
  8348 | D:8      | Identified the +11 flail of Zohala {vorpal, *Corrode rC+
                  | Dex+2 SInv}
  8934 | D:9      | Reached XP level 10. HP: 70/70 MP: 10/10
  9005 | D:9      | Found a staircase to the Lair.
  9140 | D:9      | Reached skill level 8 in Long Blades
  9248 | D:9      | Reached skill level 9 in Long Blades
  9389 | D:9      | Reached *** piety under Trog
  9981 | D:10     | Entered Level 10 of the Dungeon
  9981 | D:10     | Noticed a two-headed ogre
  9981 | D:10     | Found a staircase to the Orcish Mines.
  9983 | D:10     | Noticed an orc knight
  9985 | D:9      | HP: 19/105 [two-headed ogre/+0 giant club (25)]
  9989 | D:9      | Killed a two-headed ogre
 10167 | D:10     | Reached skill level 10 in Long Blades
 10223 | Lair:1   | Entered Level 1 of the Lair of Beasts
 10223 | Lair:1   | Noticed a black mamba
 10283 | D:9      | Killed a black mamba
 10348 | Lair:1   | Reached skill level 11 in Long Blades
 10368 | Lair:1   | Noticed a cane toad
 10376 | Lair:1   | Killed a cane toad
 10379 | Lair:1   | Gained mutation: You are partially covered in large bone
                  | plates. (SH +4) [demonic ancestry]
 10379 | Lair:1   | Reached XP level 11. HP: 75/75 MP: 11/11
 10566 | Lair:1   | Noticed an eight-headed hydra
 10699 | D:9      | Reached skill level 12 in Long Blades
 11031 | D:9      | Killed an orc knight
 11754 | D:10     | Noticed a boulder beetle
 11760 | D:10     | HP: 27/112 [boulder beetle (16)]
 11764 | D:10     | HP: 10/112 [boulder beetle (20)]
 11766 | D:10     | Killed a boulder beetle
 11888 | D:10     | Noticed a boulder beetle
 11903 | D:10     | Killed a boulder beetle
 11904 | D:10     | Reached skill level 13 in Long Blades
 12242 | D:11     | Noticed a two-headed ogre
 12245 | D:11     | Killed a two-headed ogre
 12390 | D:11     | Found a transporter.
 12395 | D:11     | Found a transporter.
 12396 | D:11     | Noticed croobank's ghost (journeyman HOFi)
 12646 | D:11     | Noticed a six-headed hydra
 12657 | D:12     | You pick up a book of Armaments {forbidden} and begin
                  | reading...
 12657 | D:12     | You add the spells Stone Arrow, Animate Armour and
                  | Lehudib's Crystal Spear to your library.
 12664 | D:12     | Noticed a boulder beetle
 12673 | D:12     | Killed a boulder beetle
 12819 | D:12     | Reached skill level 14 in Long Blades
 13015 | D:12     | Reached XP level 12. HP: 81/81 MP: 12/12
 13519 | D:12     | Found Nergh's Magic Scroll Shoppe.
 13522 | D:12     | Bought a scroll of enchant weapon for 105 gold pieces
 13652 | D:12     | Reached skill level 15 in Long Blades
 13981 | D:13     | HP: 24/121 [skeletal warrior/+0 broad axe[a skeletal
                  | warrior] (20)]
 13983 | D:13     | Annihilated by an enormous slime creature

Vanquished Creatures
  3 boulder beetles
  2 two-headed ogres
  A skeletal warrior (D:13)
  Pikel (D:6)
  An orc knight (D:9)
  3 cyclopes (D:12)
  A black mamba (D:9)
  A gargoyle (D:12)
  A cane toad (Lair:1)
  A kobold demonologist (D:12)
  2 trolls
  2 blink frogs (D:9)
  6 slime creatures
  18 yaks
  A wraith (D:12)
  3 wyverns
  Eustachio (D:4)
  A vampire (D:9)
  A steam dragon (D:9)
  An acid dragon (D:9)
  8 water moccasins
  Duvessa (D:7)
  3 sky beasts
  3 black bears
  2 orc warriors
  An ice beast (D:5)
  2 ogres
  8 wolves
  3 centaurs
  4 kobold brigands (D:12)
  Blork the orc (D:6)
  5 bullfrogs
  2 necrophages (D:5)
  A scorpion (D:5)
  14 wights
  Dowan (D:7)
  12 killer bees
  4 howler monkeys
  2 jellies
  7 orc priests
  2 hounds (D:5)
  3 iguanas
  Crazy Yiuf (D:2)
  Terence (D:3)
  7 orc wizards
  6 gnolls
  6 adders
  2 shadow imps
  3 white imps
  An ufetubus (D:7)
  4 worms
  A dart slug (D:2)
  31 orcs
  10 ball pythons
  5 bats
  6 endoplasms
  5 giant cockroaches
  3 goblins
  5 hobgoblins
  3 jackals (D:4)
  7 quokkas
  3 frilled lizards
  8 kobolds
  7 rats
265 creatures vanquished.

Vanquished Creatures (collateral kills)
  A wolf (D:9)
1 creature vanquished.

Vanquished Creatures (others)
  An endoplasm (D:4)
  A fungus (Lair:1)
  8 plants
10 creatures vanquished.

Grand Total: 276 creatures vanquished

Table legend:
 A = Non-vault XP
 B = Vault XP
 C = Vault XP percentage of total XP
 D = Non-vault monster count
 E = Vault monster count
 F = Vault count percentage of total count
                 A         B        C        D         E       F
            +---------+---------+-------+---------+---------+-------
      Total |   22454 |    4624 |  17.1 |     212 |      54 |  20.3
            +---------+---------+-------+---------+---------+-------
        D:1 |      17 |       0 |   0.0 |      11 |       0 |   0.0
        D:2 |      59 |      82 |  58.2 |      18 |       4 |  18.2
        D:3 |      69 |      36 |  34.3 |      15 |       1 |   6.2
        D:4 |     108 |     202 |  65.2 |      19 |       1 |   5.0
        D:5 |     457 |     949 |  67.5 |      10 |      15 |  60.0
        D:6 |     493 |     823 |  62.5 |       7 |       4 |  36.4
        D:7 |    1362 |     218 |  13.8 |      23 |       2 |   8.0
        D:8 |     415 |       0 |   0.0 |      10 |       0 |   0.0
        D:9 |    6413 |     672 |   9.5 |      42 |       3 |   6.7
       D:10 |    2486 |    1151 |  31.6 |      16 |      22 |  57.9
       D:11 |    1859 |       0 |   0.0 |       6 |       0 |   0.0
       D:12 |    6701 |       0 |   0.0 |      25 |       0 |   0.0
       D:13 |    1029 |       0 |   0.0 |       2 |       0 |   0.0
     Lair:1 |     986 |     491 |  33.2 |       8 |       2 |  20.0
            +---------+---------+-------+---------+---------+-------

Illustrated notes

Table legend:
 A = Kills in this place as a percentage of kills in entire the game.
 B = Kills by you in this place as a percentage of kills by you in the entire game.
 C = Kills by friends in this place as a percentage of kills by friends in the entire game.
 D = Other kills in this place as a percentage of other kills in the entire game.
 E = Experience gained in this place as a percentage of experience gained in the entire game.
 F = Experience gained in this place divided by the number of levels of this place that you have seen.
                   A       B       C       D       E      F
               +-------+-------+-------+-------+-------+----------------------
         Total | 100.0 | 100.0 | 100.0 |   N/A | 100.0 | 1934.1
       Dungeon |  96.2 |  96.2 | 100.0 |   N/A |  94.5 | 1969.3
          Lair |   3.8 |   3.8 |   0.0 |   N/A |   5.5 | 1477.0
               +-------+-------+-------+-------+-------+----------------------

Table legend: (Time is in decaauts)
 A = Elapsed time spent in this place.
 B = Non-inter-level travel time spent in this place.
 C = Inter-level travel time spent in this place.
 D = Time resting spent in this place.
 E = Time spent auto-exploring this place.
 F = Levels seen in this place.
 G = Mean time per level.
                   A        B        C        D        E       F      G
               +--------+--------+--------+--------+--------+-----+--------+
         Total |  14520 |  13858 |    662 |   4486 |   7379 |  14 | 1037.1 |
       Dungeon |  14452 |  13790 |    662 |   4486 |   7363 |  13 | 1111.7 |
          Lair |     67 |     67 |      0 |      0 |     16 |   1 |   67.0 |
               +--------+--------+--------+--------+--------+-----+--------+

Top non-repeatable levels by time:
     D:9: 2342 daAuts
     D:2: 2051 daAuts
     D:6: 1541 daAuts
    D:12: 1337 daAuts
     D:7: 1223 daAuts
     D:5: 1142 daAuts
    D:10: 1036 daAuts
     D:3: 977 daAuts
     D:8: 911 daAuts
     D:4: 777 daAuts
     D:1: 611 daAuts
    D:11: 483 daAuts
  Lair:1: 67 daAuts
    D:13: 15 daAuts
